 Dungeon Crawl Stone Soup version 0.27-a0-1193-g8631133539 (webtiles) character file.

Game seed: 9907858989144938745

50 spiderkeys the Conjurer (level 3, -7/21 HPs)
             Began as an Octopode Conjurer on May 26, 2021.
             Mangled by Sigmund
             ... wielding a +7 vorpal scythe
              (15 damage)
             ... on level 3 of the Dungeon.
             The game lasted 00:03:44 (2511 turns).

spiderkeys the Conjurer (Octopode Conjurer)         Turns: 2511, Time: 00:03:45

Health: -7/21      AC:  1    Str:  6    XL:     3   Next: 79%
Magic:  0/6        EV: 13    Int: 21    God:
Gold:   130        SH:  0    Dex: 10    Spells: 4/7 levels left

rFire    . . .     SeeInvis .   a - staff of conjuration {!a}
rCold    . . .     Faith    .   (no shield)
rNeg     . . .     Spirit   .   (helmet restricted)
rPois    .         Reflect  .   (no amulet)
rElec    .         Harm     .   (no ring)
rCorr    .         Rampage  .   (no ring)
Will     .....                  (no ring)
Stlth    +++.......             (no ring)
HPRegen  0.07/turn              (no ring)
MPRegen  0.10/turn              (no ring)
                                (no ring)
                                (no ring)

@: no status effects
A: almost no armour, amphibious, 8 rings, camouflage 1, gelatinous body 1,
(nimble swimmer 1), tentacles
a: no special abilities


You were on level 3 of the Dungeon.
You visited 1 branch of the dungeon, and saw 3 of its levels.

You collected 130 gold pieces.


Innate Abilities, Weirdness & Mutations

You cannot wear most types of armour.
You are amphibious.
You can wear up to eight rings at the same time.
Your skin changes colour to match your surroundings (Stealth+).
Your rubbery body absorbs attacks. (AC +1, EV +1)
((You are camouflaged near water. (Stealth+)))
You have tentacles for arms and can constrict up to eight enemies at once.


   Skills:
 - Level 2.0 Dodging
 - Level 2.6 Stealth
 + Level 2.6 Spellcasting
 * Level 4.9 Conjurations


You had 4 spell levels left.
You knew the following spells:

 Your Spells              Type           Power      Damage    Failure   Level
m - Magic Dart            Conj           100%       1d8       1%          1
s - Searing Ray           Conj           70%        3d5       2%          2

Your spell library contained the following spells:

 Spells                   Type           Power      Damage    Failure   Level
 Dazzling Flash           Conj/Hex       38%        N/A       16%         3
 Fulminant Prism          Conj/Hex       9%         3d7       45%         4
 Iskenderun's Mystic Bla  Conj/Tloc      19%        2d6       45%         4

Inventory:

Missiles
 c - 27 sling bullets
 h - 88 bolts
 i - 67 stones
 l - 9 poisoned darts
Magical Staves
 a - a staff of conjuration (weapon) {!a}
   (You found it on level 1 of the Dungeon)
Scrolls
 b - a scroll of immolation {!r!r}
 g - a scroll of teleportation {@r4}
 k - a scroll of vulnerability {unknown}
Potions
 d - a potion of attraction {!q}
 e - 2 potions of invisibility
 f - a potion of curing {@q1}
 j - a potion of resistance {unknown}

Dungeon Overview and Level Annotations

Branches:
Dungeon (3/15)

Altars:

Annotations:
D:3 Sigmund

######.# #.# .# #.# .#
####.#### .#
###.......#######.#
#.#.#.#.#.#.#.#.#.#
.............)....#
#.#.#<#.#.#.#.#.#.#
................@.#
#.#.#.#.#.#.#.#.#@#
....)†..............
#.#.#.#.#.#.#.#.#.....
.................#...##
#.#.#.#.#.#.#.#.###.##
................. ##
#.#.#.#.#.#.#.#.#
#####.......#


You could see Sigmund (poisoned).


Message History

You closely miss the quokka. Your grab misses the quokka.
Your squeeze misses the quokka. The quokka bites you. 😕 HP[-4]
You take 4 damage, and now have 17/21 hp.
You miss the quokka. You grab the quokka.
You constrict the quokka, but do no damage.
The quokka closely misses you.
The quokka bites you but does no damage.
You hit the quokka. You constrict the quokka.
You kill the quokka!
There is an open door here.
You see here a quokka corpse.
You start resting. 😕 HP[+1] MP[+2]
Your mp is fully restored (6).
You start resting. 😎 HP[+3]
Your hp is fully restored (21).
There is an open door here.
You see here a quokka corpse.
Found a stone staircase leading up.
You see here a +0 short sword.
You see here a hobgoblin corpse.
You now have 130 gold pieces (gained 13).
There is a stone staircase leading up here.
You see here a +0 club.
l - 11 poisoned darts Sigmund is nearby!
You feel a surge of power!
The magic dart hits Sigmund.
Sigmund shouts!
Sigmund casts a spell at you.
You resist with significant effort. 😎 MP[-1]
You lost 1 mp, and now have 5/6 mp.
You feel a surge of power!
The magic dart hits Sigmund.
Sigmund points at you and mumbles some strange words.
You resist with significant effort. 😎 MP[-1]
You lost 1 mp, and now have 4/6 mp.
You feel a surge of power!
The magic dart hits Sigmund but does no damage. 😎 MP[-1]
You lost 1 mp, and now have 3/6 mp.
You feel a surge of power!
The magic dart hits Sigmund. 😎 MP[-1]
You lost 1 mp, and now have 2/6 mp.
You feel a surge of power!
The magic dart hits Sigmund! 😎 MP[-1]
You lost 1 mp, and now have 1/6 mp.
You feel a surge of power!
The magic dart hits Sigmund. 😎 MP[-1]
You lost 1 mp, and now have 0/6 mp.
Throw: 11 darts (poison)
Press: ? - help, Shift-Dir - straight line, f/p - Sigmund
Aim: Sigmund, wielding a +7 vorpal scythe, wearing a +0 robe and carrying a wand of digging (5) (severely wounded, 50% to hit)
You throw a poisoned dart. The poisoned dart hits Sigmund.
Sigmund is poisoned.
Sigmund closely misses you.
Throw: 10 darts (poison)
Press: ? - help, Shift-Dir - straight line, f/p - Sigmund
Aim: Sigmund, wielding a +7 vorpal scythe, wearing a +0 robe and carrying a wand of digging (5) (heavily wounded, poisoned, 50% to hit)
You throw a poisoned dart.
The poisoned dart closely misses Sigmund.
Sigmund hits you from afar with a +7 vorpal scythe. 😮 HP[-6]
You take 6 damage, and now have 15/21 hp.
MASSIVE DAMAGE!! (PAUSE) Sigmund points at you and mumbles some strange words.
The magic dart hits you!
* * * LOW HITPOINT WARNING * * *
😱 HP[-10]
You take 10 damage, and now have 5/21 hp.
MASSIVE DAMAGE!! (PAUSE)
You feel better. Sigmund gestures at you while chanting.
The magic dart hits you!
* * * LOW HITPOINT WARNING * * *
😨 HP[+2] MP[+1]
You regained 2 hp, and now have 7/21 hp.
Casting: Magic Dart (safe; 1% risk of failure)
Confirm with . or Enter, or press ? or * to list all spells.
Aiming: Magic Dart (safe; 1% risk of failure)
Press: ? - help, Shift-Dir - straight line, f/p - Sigmund
Aim: Sigmund, wielding a +7 vorpal scythe, wearing a +0 robe and carrying a wand of digging (5) (severely wounded, poisoned, 100% to hit)
You feel a surge of power!
The magic dart hits Sigmund.
Sigmund points at you and mumbles some strange words.
The puff of flame misses you. 😨 MP[-1]
You lost 1 mp, and now have 0/6 mp.
Casting: Magic Dart (safe; 1% risk of failure)
Confirm with . or Enter, or press ? or * to list all spells.
Okay, then.
You barely miss Sigmund. You grab Sigmund.
You constrict Sigmund, but do no damage.
Sigmund drinks a potion.
Sigmund is healed!
Unknown command.
You hit Sigmund but do no damage. You constrict Sigmund.
Sigmund hits you with a +7 vorpal scythe!
Ouch! That really hurt!
You die...

Action                   || total
-------------------------++-------
Melee: Staff             ||     6
       Constrict         ||     2
Throw: Dart              ||     2
 Cast: Magic Dart        ||    76
  Use: Scroll            ||     5
       Potion            ||     1
Armor: Skin              ||     1
Dodge: Dodged            ||     6

Levels and vault maps discovered:
D:1:      nzn_arrival_water_spiral, layout_loops_corners, serial_forest,
          infiniplex_forest_clump_medium, infiniplex_forest_end_2,
          infiniplex_forest_clump_medium, infiniplex_forest_lined_3,
          infiniplex_forest_end_3, infiniplex_forest_corner_2,
          infiniplex_forest_end_3
D:2:      layout_basic, feat_on_display
D:3:      layout_loops_corners, st_stairs_11, uniq_terence, uniq_sigmund,
          uniq_crazy_yiuf_cottage

Notes
Turn   | Place    | Note
-------+----------+-------------------------------------------
     0 | D:1      | spiderkeys the Octopode Conjurer began the quest for the
                  | Orb.
     0 | D:1      | Reached XP level 1. HP: 11/11 MP: 3/3
     0 | D:1      | magus.rc [v1.9.10]
   316 | D:1      | Reached XP level 2. HP: 17/17 MP: 3/5
   319 | D:1      | Learned a level 2 spell: Searing Ray
  1189 | D:1      | Reached XP level 3. HP: 21/21 MP: 0/6
  2387 | D:3      | Noticed Sigmund
  2507 | D:3      | HP: 5/21 [Sigmund/magic dart (10)]
  2511 | D:3      | Mangled by Sigmund

Vanquished Creatures
  A worm (D:3)
  A dart slug (D:2)
  4 endoplasms
  5 goblins
  4 hobgoblins
  3 kobolds
  3 quokkas
  7 ball pythons
  4 bats
  2 frilled lizards (D:1)
  9 rats
43 creatures vanquished.

Table legend:
 A = Non-vault XP
 B = Vault XP
 C = Vault XP percentage of total XP
 D = Non-vault monster count
 E = Vault monster count
 F = Vault count percentage of total count
                 A         B        C        D         E       F
            +---------+---------+-------+---------+---------+-------
      Total |      61 |      11 |  15.3 |      39 |       4 |   9.3
            +---------+---------+-------+---------+---------+-------
        D:1 |      34 |       0 |   0.0 |      24 |       0 |   0.0
        D:2 |      26 |       0 |   0.0 |      14 |       0 |   0.0
        D:3 |       1 |      11 |  91.7 |       1 |       4 |  80.0
            +---------+---------+-------+---------+---------+-------

Illustrated notes

Table legend:
 A = Kills in this place as a percentage of kills in entire the game.
 B = Kills by you in this place as a percentage of kills by you in the entire game.
 C = Kills by friends in this place as a percentage of kills by friends in the entire game.
 D = Other kills in this place as a percentage of other kills in the entire game.
 E = Experience gained in this place as a percentage of experience gained in the entire game.
 F = Experience gained in this place divided by the number of levels of this place that you have seen.
                   A       B       C       D       E      F
               +-------+-------+-------+-------+-------+----------------------
         Total | 100.0 | 100.0 |   N/A |   N/A | 100.0 |  24.0
       Dungeon | 100.0 | 100.0 |   N/A |   N/A | 100.0 |  24.0
               +-------+-------+-------+-------+-------+----------------------

Table legend: (Time is in decaauts)
 A = Elapsed time spent in this place.
 B = Non-inter-level travel time spent in this place.
 C = Inter-level travel time spent in this place.
 D = Time resting spent in this place.
 E = Time spent auto-exploring this place.
 F = Levels seen in this place.
 G = Mean time per level.
                   A        B        C        D        E       F      G
               +--------+--------+--------+--------+--------+-----+--------+
         Total |   2509 |   2442 |     67 |    100 |   2178 |   3 |  836.3 |
       Dungeon |   2509 |   2442 |     67 |    100 |   2178 |   3 |  836.3 |
               +--------+--------+--------+--------+--------+-----+--------+

Top non-repeatable levels by time:
     D:1: 1439 daAuts
     D:2: 691 daAuts
     D:3: 378 daAuts
